 Dungeon Crawl Stone Soup version 0.19-a0-1608-g4cf22de (webtiles) character file.

2496 Amnesiac the Prestidigitator (level 9, -5/59 HPs)
             Began as a Mummy Artificer on Sept 17, 2016.
             Was an Initiate of Gozag.
             Slain by an orc warrior
             ... wielding a +0 hand axe
              (12 damage)
             ... on level 7 of the Dungeon.
             The game lasted 00:14:13 (8768 turns).

Amnesiac the Prestidigitator (Mummy Artificer)      Turns: 8768, Time: 00:14:14

Health: -5/59      AC:  5    Str: 15    XL:     9   Next: 28%
Magic:  26/26      EV: 12    Int: 11    God:    Gozag
Gold:   591        SH:  0    Dex: 15    Spells: 0 memorised, 8 levels left

rFire  x . .     SeeInvis .     k - staff of air
rCold  + . .     Gourm    .     o - +2 robe {MR+}
rNeg   + + +     Faith    .     (no shield)
rPois  ∞         Spirit   .     (no helmet)
rElec  +         Dismiss  .     l - +0 cloak
rCorr  .         Reflect  .     (no gloves)
MR     ++...     Harm     .     (no boots)
Stlth  ++........               (no amulet)
                                s - ring of wizardry
                                w - ring of magical power

@: no status effects
A: no food or potions, fire vulnerability, cold resistance 1, negative energy
resistance 3, torment resistance, unbreathing
a: Potion Petition, Call Merchant, Bribe Branch, Renounce Religion


You were on level 7 of the Dungeon.
You worshipped Gozag.
Gozag was pleased with you.
You were not hungry.

You visited 2 branches of the dungeon, and saw 9 of its levels.

You collected 661 gold pieces.
You paid 70 gold pieces to Gozag.

Inventory:

Hand Weapons
 g - a +2 whip of venom
 h - a +4 quarterstaff of chaos
 p - a +1 rapier of draining
Armour
 f - a +0 plate armour
 i - a +0 shield
 l - a +0 cloak (worn)
 o - a +2 robe of magic resistance (worn)
Magical Staves
 k - an uncursed staff of air (weapon)
Jewellery
 j - a +4 ring of strength
 s - a ring of wizardry (right hand)
 w - a ring of magical power (left hand)
Wands
 a - a wand of flame (23/48)
 b - a wand of digging (9/24)
 c - a wand of flame (12/48)
 d - a wand of enslavement (3/24)
 e - a wand of random effects (0/48)
 q - a wand of disintegration (0/24)
 t - a wand of random effects (14/48)
Scrolls
 m - 2 scrolls of fog
 n - a scroll of fear {unknown}
 r - a scroll of magic mapping
 v - 3 scrolls of remove curse
 x - a scroll of blinking
 y - 2 scrolls of recharging
 z - 2 scrolls of enchant weapon
 A - a scroll of identify
 B - 3 scrolls of brand weapon {unknown}
Books
 u - a book of Unlife

   Spells                             Type                      Level
   a - Recall                         Summoning/Translocation      3
   b - Animate Dead                   Necromancy                   4
   c - Control Undead                 Necromancy                   4
   d - Cigotuvi's Embrace             Necromancy                   5
   e - Death Channel                  Necromancy                   6
   f - Simulacrum                     Ice/Necromancy               6


   Skills:
 - Level 1.0 Fighting
 - Level 0.7 Short Blades
 - Level 1.5 Dodging
 - Level 0.7 Stealth
 + Level 10.8 Evocations


You had 8 spell levels left.
You didn't know any spells.

Dungeon Overview and Level Annotations

Branches:
Dungeon (8/15)             Temple (1/1) D:7
   Lair: D:8-11

Altars:
Ashenzari
Gozag
Hepliaklqana
Kikubaaqudgha
Makhleb
Qazlal
Sif Muna
Trog
Uskayaw
Vehumet
Xom
Yredelemnul
Zin
The Shining One

Shops:
D:5 ?

Annotations:
D:4 Amnesiac's ghost, amateur HOBe
D:8 Erica


Innate Abilities, Weirdness & Mutations

You do not eat or drink.
Your flesh is vulnerable to fire.
You are immune to poison.
Your flesh is cold resistant. (rC+)
You are immune to negative energy. (rN+++)
You are immune to unholy pain and torment.
You can survive without breathing.


Message History

The orc warrior is moderately wounded.
The orc warrior hits you with a hand axe!
You hit the orc warrior but do no damage.
The orc warrior is moderately wounded.
The orc warrior hits you with a hand axe! x2
You hit the orc warrior but do no damage.
The orc warrior is moderately wounded.
The orc warrior hits you with a hand axe!
You barely miss the orc warrior.
The orc warrior is moderately wounded.
The orc warrior hits you with a hand axe!
* * * LOW HITPOINT WARNING * * *
Evoke which item? (* to show all) (? for menu, Esc to quit)
Zapping:
d - a wand of enslavement (4/24)
Press: ? - help, Shift-Dir - straight line, f/p - orc warrior
Aim: an orc warrior, wielding a hand axe and wearing a plate armour (moderately wounded, chance to defeat MR: 68%)
The orc warrior struggles to resist.
This wand has 3 charges left.
The orc warrior hits you with a hand axe!
You die...
Your body crumbles into a pile of gold.

##............###.#
##.......o...## #.#
.........o..## #.#
##.........## ##.#
...........# #..#
.....##.##.# #.##
.....#..##.# #o#
.....#.###.# #o#
.......# #.# #@#
.......# #.# #.#
.......# #.# #.#
.......# #.# #.#
.......# #.# #.#
.......# #.# ##.#
.......# #.####..###
.....### #.........#
.....#####.........#


You could see an orc warrior and an orc.

Vanquished Creatures
  Pikel (D:5)
  A two-headed ogre (D:6)
  A hungry ghost (D:8)
  Eustachio (D:5)
  An orc warrior (D:6)
  3 slaves (D:5)
  A sky beast (D:8)
  2 ogres
  A centaur (D:4)
  A crocodile (D:5)
  A bullfrog (D:7)
  A scorpion (D:7)
  A howler monkey (D:6)
  3 crimson imps
  A bullfrog zombie (D:6)
  The ghost of jacquesderrida the Charmwright, a weakling VSSk of Cheibriados (D:3)
  A quasit (D:3)
  2 hounds
  An orc priest (D:6)
  2 centaur skeletons
  Crazy Yiuf (D:3)
  Ijyb (D:3)
  Jessica (D:4)
  5 iguanas
  4 orc wizards
  5 worker ants
  11 adders
  2 shadow imps
  An ooze (D:2)
  A worm (D:2)
  A dart slug (D:1)
  5 leopard geckos
  24 orcs
  4 ball pythons
  6 bats
  5 giant cockroaches
  7 goblins
  12 hobgoblins
  8 jackals
  2 quokkas
  4 frilled lizards
  A jackal skeleton (D:7)
  A jackal zombie (D:5)
  5 kobolds
  10 rats
154 creatures vanquished.

Vanquished Creatures (collateral kills)
  A kobold (D:2)
  A rat (D:2)
2 creatures vanquished.

Vanquished Creatures (others)
  A slave (D:5)
  A wasp (D:8)
  Blork the orc (D:5)
  A jelly (D:6)
  A killer bee zombie (D:6)
5 creatures vanquished.

Grand Total: 161 creatures vanquished

Notes
Turn   | Place    | Note
-------+----------+-------------------------------------------
     0 | D:1      | Amnesiac the Mummy Artificer began the quest for the Orb.
     0 | D:1      | Reached XP level 1. HP: 15/15 MP: 2/2
    99 | D:2      | Reached XP level 2. HP: 2/21 MP: 4/4
   339 | D:2      | Found a burning altar of Makhleb.
   339 | D:2      | Noticed a balrug
   372 | D:2      | Reached skill level 3 in Evocations
   542 | D:3      | Noticed Grinder
   580 | D:3      | Noticed Grinder
   580 | D:3      | Grinder changed into Grinder the quasit
   810 | D:3      | Reached XP level 3. HP: 19/26 MP: 5/5
  1063 | D:4      | Noticed Amnesiac's ghost (amateur HOBe)
  1079 | D:4      | Reached skill level 4 in Evocations
  1277 | D:4      | Reached XP level 4. HP: 32/32 MP: 7/7
  1446 | D:4      | Reached XP level 5. HP: 31/37 MP: 8/8
  1633 | D:4      | Reached skill level 5 in Evocations
  1771 | D:3      | Noticed jacquesderrida's ghost (weakling VSSk)
  1771 | D:3      | Noticed Jessica
  1774 | D:4      | Killed Jessica
  2035 | D:5      | Entered Level 5 of the Dungeon
  2035 | D:5      | Noticed a centaur
  2049 | D:4      | Killed a centaur
  2049 | D:4      | Reached XP level 6. HP: 12/43 MP: 10/10
  2049 | D:4      | Reached skill level 6 in Evocations
  2553 | D:5      | Found Rolunaj's Magic Scroll Boutique.
  2553 | D:5      | Noticed a slave
  2553 | D:5      | Noticed a slave
  2554 | D:5      | Noticed a slave
  2554 | D:5      | Noticed Blork the orc
  2554 | D:5      | Noticed a slave
  2555 | D:5      | Noticed Pikel
  2599 | D:5      | Killed a slave
  2614 | D:5      | Your ally died
  2651 | D:5      | Killed Pikel
  2651 | D:5      | Reached skill level 7 in Evocations
  2651 | D:5      | Reached XP level 7. HP: 36/48 MP: 10/12
  3020 | D:5      | Noticed Eustachio
  3052 | D:5      | Killed Eustachio
  3296 | D:5      | Reached skill level 8 in Evocations
  3501 | D:5      | Reached XP level 8. HP: 24/54 MP: 14/14
  3756 | D:6      | Found a hazy altar of Hepliaklqana.
  3758 | D:6      | Found a bloodstained altar of Trog.
  3758 | D:6      | Found a burning altar of Makhleb.
  4477 | D:6      | Reached skill level 9 in Evocations
  4865 | D:6      | Noticed a two-headed ogre
  4866 | D:6      | Killed a two-headed ogre
  5546 | D:7      | Found a staircase to the Ecumenical Temple.
  5563 | Temple   | Entered the Ecumenical Temple
  5605 | Temple   | Became a worshipper of Gozag Ym Sagoz the Greedy
  5758 | D:3      | Killed jacquesderrida's ghost
  5758 | D:3      | Reached skill level 10 in Evocations
  6980 | D:3      | Noticed Ijyb
  6994 | D:3      | Killed Ijyb
  7041 | D:3      | Killed Grinder the quasit
  7154 | D:3      | Reached XP level 9. HP: 45/59 MP: 16/16
  7426 | D:3      | Found a runed door.
  7539 | D:3      | Noticed Crazy Yiuf
  7547 | D:3      | Killed Crazy Yiuf
  8690 | D:8      | Noticed Erica
  8768 | D:7      | Slain by an orc warrior

Vault maps used:
D:1:      minmay_arrival_split_and_join, st_stairs_6, minmay_tetromino_s2
D:2:      makhleb_altar_promises_db
D:3:      first_bread, uniq_crazy_yiuf_cottage, uniq_iyjb, uniq_grinder,
          uniq_jessica
D:5:      serial_shops, shop, uniq_pikel, uniq_blork_the_orc, uniq_eustachio
D:6:      grunt_temple_overflow_open
D:8:      uniq_erica
Temple:   eino_temple_rhombus

Skill      XL: |  1  2  3  4  5  6  7  8 |
---------------+-------------------------+-----
Evocations     | 3 4 5 7 8 10 | 10.8
Fighting       | |  1.0
Short Blades   | |  0.7
Dodging        | |  1.5
Stealth        | |  0.7

Action                   |  1- 3 |  4- 6 |  7- 9 || total
-------------------------+-------+-------+-------++-------
Melee: Short sword       |   115 |       |       ||   115
       Whip              |    32 |   143 |   331 ||   506
       Staff             |       |       |   107 ||   107
       Dagger            |       |       |     4 ||     4
       Quarterstaff      |       |       |    17 ||    17
Evoke: Wand              |     8 |     8 |    21 ||    37
  Use: Scroll            |       |       |    10 ||    10
 Stab: Paralysed         |     8 |       |     7 ||    15
       Betrayed ally     |       |     1 |       ||     1
       Sleeping          |       |       |     4 ||     4
       Distracted        |       |       |     2 ||     2
Armor: Leather armour    |     8 |       |       ||     8
       Plate armour      |   143 |   119 |       ||   262
       Robe              |       |       |   106 ||   106
Dodge: Dodged            |    51 |    33 |   287 ||   371
